 Dungeon Crawl Stone Soup version 0.22-a0-433-gd2a9cce (webtiles) character file.

1805 Mgcat the Cleaver (level 8, -1/67 HPs)
             Began as a Minotaur Berserker on May 27, 2018.
             Was a Believer of Trog.
             Slain by a gnoll
             ... wielding a +0 halberd
              (6 damage)
             ... on level 8 of the Dungeon.
             The game lasted 00:06:09 (1945 turns).

Mgcat the Cleaver (Minotaur Berserker)              Turns: 1945, Time: 00:06:10

Health: -1/67      AC: 11    Str: 25    XL:     8   Next: 84%
Magic:  7/7        EV: 12    Int:  4    God:    Trog [**....]
Gold:   169        SH:  0    Dex: 14    Spells: 7/7 levels left

rFire    . . .     SeeInvis .   a - +0 hand axe
rCold    . . .     Gourm    .   (no shield)
rNeg     . . .     Faith    .   b - +0 plate armour
rPois    .         Spirit   .   (helmet restricted)
rElec    .         Reflect  .   (no cloak)
rCorr    .         Harm     .   (no gloves)
MR       ++...                  (no boots)
Stlth    ..........             (no amulet)
HPRegen  1.21/turn              (no ring)
MPRegen  0.10/turn              (no ring)

@: agile, berserk cooldown, regenerating, slowed, studying Evocations, very slow
A: retaliatory headbutt, horns 2
a: Berserk, Trog's Hand, Renounce Religion


You were on level 8 of the Dungeon.
You worshipped Trog.
Trog was pleased with you.
You were very hungry.

You visited 1 branch of the dungeon, and saw 8 of its levels.

You collected 169 gold pieces.

Inventory:

Hand Weapons
 a - a +0 hand axe (weapon)
Armour
 b - a +0 plate armour (worn)
   (You found it on level 2 of the Dungeon)
Wands
 j - a wand of flame (26)
   (You found it on level 3 of the Dungeon)
 q - a wand of digging (12)
   (You found it on level 4 of the Dungeon)
Scrolls
 g - a scroll of remove curse
 h - 3 scrolls of teleportation {unknown}
 k - 2 scrolls of enchant weapon {unknown}
 m - 2 scrolls of amnesia {unknown}
 o - a scroll of magic mapping {unknown}
Potions
 d - a potion of mutation {unknown}
 e - a potion of heal wounds {unknown}
 f - 3 potions of brilliance {unknown}
 i - a potion of invisibility {unknown}
 n - a potion of agility
 p - 2 potions of degeneration {unknown}
Books
 l - a manual of Evocations {!d}
   (You found it on level 4 of the Dungeon)
Comestibles
 c - 2 rations
 r - 2 chunks of flesh {@w0}


   Skills:
 + Level 4.5 Fighting
 + Level 13.3 Axes
 - Level 2.4 Armour
 - Level 2.1 Dodging


You had 7 spell levels left.
You didn't know any spells.
Your spell library was empty.

Dungeon Overview and Level Annotations

Branches:
Dungeon (8/15)             Temple (0/1) D:7
   Lair: D:8-11

Altars:
Trog

Shops:
D:6 =

Annotations:
D:4 4 runed doors


Innate Abilities, Weirdness & Mutations

You reflexively headbutt those who attack you in melee.
You have a pair of horns on your head.


Message History

A gnoll comes into view.
You are too berserk!
Unknown command.
Unknown command.
You feel your anger nearly subside.
You are no longer berserk.
You are exhausted.
You feel yourself slow down.
The gnoll shouts!
The gnoll sergeant hits you from afar with a trident of protection.
A gnoll comes into view. It is wielding a halberd.
Your skin crawls.
You feel resistant to hostile enchantments.
You are feeling very hungry.
The gnoll sergeant hits you from afar with a trident of protection. x2
The gnoll drinks a potion.
The gnoll suddenly seems more agile.
The gnoll barely misses you.
The gnoll sergeant hits you with a trident of protection.
The gnoll hits you but does no damage.
The gnoll hits you from afar with a halberd.
You hit the gnoll sergeant.
You headbutt the gnoll sergeant, but do no damage.
The gnoll sergeant is moderately wounded.
You hit the gnoll. The gnoll hits you.
The gnoll sergeant hits you but does no damage.
The gnoll closely misses you.
You hit the gnoll sergeant but do no damage.
The gnoll sergeant is moderately wounded.
You hit the gnoll. The gnoll hits you but does no damage.
The gnoll sergeant hits you but does no damage.
You hit the gnoll sergeant but do no damage.
The gnoll sergeant is moderately wounded.
You hit the gnoll but do no damage.
The gnoll hits you from afar with a halberd.
The gnoll completely misses you. You furiously retaliate!
You headbutt the gnoll. The gnoll sergeant barely misses you.
You hit the gnoll sergeant but do no damage.
The gnoll sergeant is moderately wounded.
You hit the gnoll but do no damage. The gnoll barely misses you. x2
Your plate armour prevents you from hitting the gnoll sergeant.
Your headbutt misses the gnoll sergeant.
The gnoll sergeant is moderately wounded.
You hit the gnoll but do no damage.
The gnoll sergeant hits you with a trident of protection.
The gnoll hits you but does no damage. The gnoll hits you.
You hit the gnoll sergeant but do no damage.
The gnoll sergeant is moderately wounded.
You hit the gnoll.
The gnoll sergeant hits you but does no damage.
Your plate armour prevents you from hitting the gnoll sergeant.
Your headbutt misses the gnoll sergeant.
The gnoll sergeant is moderately wounded.
You hit the gnoll but do no damage. The gnoll hits you but does no damage.
The gnoll hits you.
The gnoll sergeant hits you with a trident of protection.
The gnoll hits you but does no damage.
You hit the gnoll sergeant.
You headbutt the gnoll sergeant, but do no damage.
The gnoll sergeant is moderately wounded.
You hit the gnoll. The gnoll hits you but does no damage.
The gnoll sergeant hits you but does no damage.
The gnoll barely misses you.
You hit the gnoll sergeant.
Your headbutt misses the gnoll sergeant.
The gnoll sergeant is heavily wounded.
You hit the gnoll but do no damage.
The gnoll hits you from afar with a halberd.
The gnoll sergeant hits you with a trident of protection!
* * * LOW HITPOINT WARNING * * *
The gnoll hits you.
* * * LOW HITPOINT WARNING * * *
Your plate armour prevents you from hitting the gnoll sergeant.
The gnoll sergeant is heavily wounded.
You hit the gnoll.
You kill the gnoll!
Trog accepts your kill.
The gnoll hits you from afar with a halberd.
* * * LOW HITPOINT WARNING * * *
The gnoll sergeant barely misses you.
You closely miss the gnoll sergeant.
The gnoll sergeant is heavily wounded.
The gnoll hits you but does no damage.
The gnoll sergeant hits you with a trident of protection.
* * * LOW HITPOINT WARNING * * *
You hit the gnoll sergeant but do no damage.
You headbutt the gnoll sergeant.
The gnoll sergeant is severely wounded.
The gnoll sergeant hits you but does no damage.
The gnoll hits you from afar with a halberd.
* * * LOW HITPOINT WARNING * * *
You closely miss the gnoll sergeant. You headbutt the gnoll sergeant.
The gnoll sergeant is severely wounded.
You feel the effects of Trog's Hand fading.
You feel agile all of a sudden. The gnoll sergeant closely misses you.
You furiously retaliate!
You headbutt the gnoll sergeant.
The gnoll hits you from afar with a halberd!
* * * LOW HITPOINT WARNING * * *
The gnoll sergeant closely misses you.
The gnoll hits you from afar with a halberd.
You die...

#.###... ##......
.. ...#..## ...
##..... ......
.....#
....>.###g..##
.........g...##
.........@..).#
###
..$>..##....#<#
.... ....##).#.#(#
.....
#..#.##.#.#......
#...##.#).......
#..†#...........
#÷#...>....#####
.................#
..................


You could see a gnoll sergeant and a gnoll.

Vanquished Creatures
  A two-headed ogre (D:8)
  Prince Ribbit (D:5)
  A black bear (D:6)
  An orc warrior (D:7)
  An ice beast (D:4)
  A phantom (D:4)
  An ogre (D:6)
  A centaur (D:8)
  A bullfrog (D:8)
  3 killer bees (D:8)
  A crimson imp (D:5)
  A quasit (D:8)
  A centaur zombie (D:6)
  A hound (D:8)
  A jelly (D:8)
  An orc wizard (D:7)
  A worker ant zombie (D:7)
  3 adders
  2 gnolls (D:8)
  An ooze (D:4)
  A worm (D:2)
  3 orcs (D:7)
  A ball python (D:4)
  3 giant cockroaches
  A goblin (D:1)
  2 hobgoblins
  A jackal (D:4)
  3 kobolds
  A quokka (D:8)
  2 bats
  A frilled lizard (D:2)
  A rat (D:1)
45 creatures vanquished.

Notes
Turn   | Place    | Note
-------+----------+-------------------------------------------
     0 | D:1      | Mgcat the Minotaur Berserker began the quest for the Orb.
     0 | D:1      | Reached XP level 1. HP: 19/19 MP: 0/0
    34 | D:1      | Reached skill level 4 in Axes
   242 | D:2      | Reached XP level 2. HP: 26/26 MP: 1/1
   415 | D:2      | Reached skill level 5 in Axes
   415 | D:2      | Reached XP level 3. HP: 26/31 MP: 2/2
   688 | D:3      | Found a bloodstained altar of Trog.
   853 | D:4      | Found a large runed door.
   854 | D:4      | Found a large runed door.
   872 | D:4      | Found a large runed door.
   872 | D:4      | Found a large runed door.
   941 | D:4      | Noticed a phantom
   949 | D:4      | Killed a phantom
   949 | D:4      | Reached skill level 6 in Axes
   949 | D:4      | Reached XP level 4. HP: 39/39 MP: 3/3
  1016 | D:4      | Noticed an ice beast
  1023 | D:4      | Killed an ice beast
  1023 | D:4      | Reached skill level 7 in Axes
  1023 | D:4      | Reached XP level 5. HP: 45/45 MP: 4/4
  1257 | D:5      | Entered Level 5 of the Dungeon
  1309 | D:5      | Noticed Prince Ribbit
  1315 | D:5      | Killed Prince Ribbit
  1315 | D:5      | Reached skill level 9 in Axes
  1315 | D:5      | Reached XP level 6. HP: 51/51 MP: 5/5
  1357 | D:6      | Reached XP level 7. HP: 57/57 MP: 6/6
  1412 | D:6      | Found Poze's Jewellery Emporium.
  1450 | D:6      | Reached skill level 10 in Axes
  1538 | D:7      | Reached ** piety under Trog
  1563 | D:7      | Found a staircase to the Ecumenical Temple.
  1642 | D:8      | Noticed a two-headed ogre
  1650 | D:8      | Reached skill level 11 in Axes
  1656 | D:8      | Killed a two-headed ogre
  1656 | D:8      | Reached skill level 13 in Axes
  1656 | D:8      | Reached XP level 8. HP: 59/64 MP: 7/7
  1889 | D:8      | Reached skill level 4 in Fighting
  1940 | D:8      | HP: 16/67 [gnoll (1)]
  1945 | D:8      | HP: 5/67 [gnoll/halberd (10)]
  1945 | D:8      | Slain by a gnoll

Vault maps used:
D:1:      eino_arrival_tree_alley
D:3:      nicolae_overflow_hidden_temple, kennysheep_potato
D:4:      minmay_hollow_rounded_squares
D:5:      kennysheep_little_box, tgw_sif, first_ration, basic_altar,
          serial_bayou_ford_a, uniq_prince_ribbit1, uniq_sigmund
D:6:      lemuel_coloured_pillars_altar, chequers_ossuary_entry_cave,
          serial_shops, shop, minmay_statues_item, uniq_pikel
D:7:      elyvilon_altar_5, minmay_temple_entry_purple_smoke, serial_shops,
          nicolae_shop_temple_entry_statues_fountains, grunt_livestock,
          corexii_checkpoint_a
D:8:      gammafunk_temple_overflow_statue, abandoned_shop

Skill      XL: |  1  2  3  4  5  6  7  8 |
---------------+-------------------------+-----
Axes           | 4 5 6 7 9 13 | 13.3
Fighting       | 4 |  4.5
Armour         | |  2.4
Dodging        | |  2.1

Action                   |  1- 3 |  4- 6 |  7- 9 || total
-------------------------+-------+-------+-------++-------
Melee: Hand axe          |    40 |    21 |    58 ||   119
       Headbutt          |     5 |     3 |    12 ||    20
Invok: Berserk           |     3 |     3 |     4 ||    10
       Trog's Hand       |       |       |     2 ||     2
  Use: Scroll            |       |     2 |       ||     2
       Potion            |       |       |     1 ||     1
  Eat: Chunk             |     2 |     1 |     2 ||     5
       Ration            |       |     1 |     1 ||     2
Armor: Animal skin       |     2 |       |       ||     2
       Leather armour    |     3 |       |       ||     3
       Plate armour      |     1 |     7 |    40 ||    48
Dodge: Dodged            |    31 |    12 |    38 ||    81

Table legend:
 A = Spawn XP
 B = Non-spawn XP
 C = Spawn XP percentage of total XP
 D = Spawn monster count
 E = Non-spawn monster count
 F = Spawn count percentage of total count
 G = Total turns spent on level
                    A         B        C        D         E        F      G
               +---------+---------+-------+---------+---------+-------+---------
         Total |       0 |    2579 |   0.0 |       0 |      45 |   0.0 |  1945
               +---------+---------+-------+---------+---------+-------+---------
           D:1 |       0 |      10 |   0.0 |       0 |       6 |   0.0 |   209
           D:2 |       0 |      41 |   0.0 |       0 |       9 |   0.0 |   435
           D:4 |       0 |     265 |   0.0 |       0 |       5 |   0.0 |   504
           D:5 |       0 |     309 |   0.0 |       0 |       2 |   0.0 |    93
           D:6 |       0 |     294 |   0.0 |       0 |       3 |   0.0 |   173
           D:7 |       0 |     202 |   0.0 |       0 |       7 |   0.0 |   339
           D:8 |       0 |    1458 |   0.0 |       0 |      13 |   0.0 |    83
               +---------+---------+-------+---------+---------+-------+---------

Vault maps used:
D:1:      eino_arrival_tree_alley
D:3:      nicolae_overflow_hidden_temple, kennysheep_potato
D:4:      minmay_hollow_rounded_squares
D:5:      kennysheep_little_box, tgw_sif, first_ration, basic_altar,
          serial_bayou_ford_a, uniq_prince_ribbit1, uniq_sigmund
D:6:      lemuel_coloured_pillars_altar, chequers_ossuary_entry_cave,
          serial_shops, shop, minmay_statues_item, uniq_pikel
D:7:      elyvilon_altar_5, minmay_temple_entry_purple_smoke, serial_shops,
          nicolae_shop_temple_entry_statues_fountains, grunt_livestock,
          corexii_checkpoint_a
D:8:      gammafunk_temple_overflow_statue, abandoned_shop

Table legend:
 A = Turns spent in this place as a percentage of turns spent in the entire game.
 B = Non-inter-level travel turns spent in this place as a percentage of non-inter-level travel turns spent in the entire game.
 C = Inter-level travel turns spent in this place as a percentage of turns spent in this place.
 D = Turns resting spent in this place as a percentage of non-inter-level travel turns spent in this place.
 E = Turns spent auto-exploring this place as a percentage of non-inter-level travel turns spent in this place.
 F = Non-inter-level travel turns spent in this place divided by the number of levels of this place that you've seen.
                   A       B       C       D       E      F
               +-------+-------+-------+-------+-------+----------------------
         Total | 100.0 | 100.0 |   0.8 |  16.2 |  55.0 | 241.1
       Dungeon | 100.0 | 100.0 |   0.8 |  16.2 |  55.0 | 241.1
               +-------+-------+-------+-------+-------+----------------------

Table legend:
 A = Kills in this place as a percentage of kills in entire the game.
 B = Kills by you in this place as a percentage of kills by you in the entire game.
 C = Kills by friends in this place as a percentage of kills by friends in the entire game.
 D = Other kills in this place as a percentage of other kills in the entire game.
 E = Experience gained in this place as a percentage of experience gained in the entire game.
 F = Experience gained in this place divided by the number of levels of this place that you have seen.
                   A       B       C       D       E      F
               +-------+-------+-------+-------+-------+----------------------
         Total | 100.0 | 100.0 |   N/A |   N/A | 100.0 | 322.4
       Dungeon | 100.0 | 100.0 |   N/A |   N/A | 100.0 | 322.4
               +-------+-------+-------+-------+-------+----------------------
